 Dungeon Crawl Stone Soup version 0.22.1 (webtiles) character file.

224 MalarOregon the Skirmisher (level 6, -5/55 HPs)
             Began as a Hill Orc Fighter on Sept 17, 2018.
             Was an Initiate of Makhleb.
             Killed from afar by Sigmund (8 damage)
             ... with a wand of flame (24)
             ... on level 3 of the Dungeon.
             The game lasted 00:05:39 (2283 turns).

MalarOregon the Skirmisher (Hill Orc Fighter)       Turns: 2283, Time: 00:05:41

Health: -5/55      AC: 11    Str: 24    XL:     6   Next: 0%
Magic:  6/6        EV:  7    Int: 10    God:    Makhleb [......]
Gold:   68         SH: 10    Dex: 10    Spells: 5/5 levels left

rFire    . . .     SeeInvis .   a - +0 war axe
rCold    . . .     Gourm    .   c - +0 shield
rNeg     . . .     Faith    .   b - +0 scale mail
rPois    .         Spirit   .   (no helmet)
rElec    .         Reflect  .   l - +0 cloak
rCorr    .         Harm     .   p - +2 pair of gloves
MR       .....                  (no boots)
Stlth    ..........             (no amulet)
HPRegen  0.18/turn              (no ring)
MPRegen  0.10/turn              (no ring)

@: mighty
A: no striking features
a: Renounce Religion


You were on level 3 of the Dungeon.
You worshipped Makhleb.
Makhleb was noncommittal.
You were not hungry.

You visited 1 branch of the dungeon, and saw 3 of its levels.

You collected 68 gold pieces.

Inventory:

Hand Weapons
 a - a +0 war axe (weapon)
Armour
 b - a +0 scale mail (worn)
 c - a +0 shield (worn)
 l - a +0 cloak (worn)
   (You found it on level 1 of the Dungeon)
 p - a +2 pair of gloves (worn)
   (You found it on level 2 of the Dungeon)
 t - a +0 leather armour of fire resistance
   (You took it off an orc on level 3 of the Dungeon)
Scrolls
 f - 2 scrolls of magic mapping {unknown}
 j - a scroll of immolation {unknown}
 n - 3 scrolls of identify {unknown}
 o - a scroll of fog {unknown}
 r - a scroll of random uselessness {unknown}
 s - a scroll of blinking {unknown}
 u - a scroll of remove curse {unknown}
Potions
 g - a potion of flight {unknown}
 h - 2 potions of curing {@q1}
 i - 3 potions of ambrosia {unknown}
 m - a potion of resistance {unknown}
 q - 2 potions of mutation {unknown}
Comestibles
 e - 4 rations {!d}
 k - 12 chunks of flesh


   Skills:
 + Level 4.9 Fighting
 + Level 4.6 Axes
 + Level 4.5 Armour
 + Level 4.6 Shields
 + Level 0.0 Invocations


You had 5 spell levels left.
You didn't know any spells.
Your spell library was empty.

Dungeon Overview and Level Annotations

Branches:
Dungeon (3/15)

Altars:
Makhleb

Annotations:
D:3 Sigmund


Message History

The puff of flame hits you!
Found 11 sling bullets.
You see here a quokka corpse.
Unknown command.
You block Sigmund's attack.
You feel very mighty all of a sudden.
Sigmund mumbles some strange words.
Sigmund flickers and vanishes!
Deactivating autopickup; reactivate with Ctrl-A.
You barely miss something. Something hits you.
Your shield and scale mail prevent you from hitting something.
Something hits you but does no damage.
You slash something! You block something's attack.
Unknown command.
You miss something. Something hits you but does no damage.
Some of the chunks of flesh in your inventory have rotted away.
You miss something.
You hear a zap.
A puff of flame appears from out of thin air!
The puff of flame hits you!
Your shield and scale mail prevent you from hitting something.
You miss something. Something completely misses you.
You miss something.
You hear some strange, mumbled words.
A magic dart appears from out of thin air!
The magic dart hits you!
You slash something! Something hits you.
* * * LOW HITPOINT WARNING * * *
* * * LOW HITPOINT WARNING * * *
You closely miss something. Something hits you!
* * * LOW HITPOINT WARNING * * *
* * * LOW HITPOINT WARNING * * *
Your shield and scale mail prevent you from hitting something.
Something hits you but does no damage.
You miss something.
You hear a zap.
A puff of flame appears from out of thin air!
The puff of flame hits you!
* * * LOW HITPOINT WARNING * * *
Okay, then.
Okay, then.
You barely miss something.
You hear a zap.
A puff of flame appears from out of thin air!
The puff of flame hits you!
You die...

#. ..# #.# ...#
####..### ...#
#.#.....##...(#
#........#....#
#.............#
###.......{.....#
..........@..#.##
................#
........)†......#
^...............#
...............#
...............#
.#####...†......#
..
............#####
..
........#......#


There were no monsters in sight!

Vanquished Creatures
  An orc wizard (D:3)
  4 gnolls (D:2)
  7 adders
  2 worms (D:3)
  2 dart slugs (D:1)
  A leopard gecko (D:2)
  7 orcs
  2 ball pythons
  6 giant cockroaches
  8 goblins
  13 hobgoblins
  3 quokkas
  7 bats
  3 frilled lizards
  7 kobolds
  3 rats
76 creatures vanquished.

Notes
Turn   | Place    | Note
-------+----------+-------------------------------------------
     0 | D:1      | MalarOregon the Hill Orc Fighter began the quest for the
                  | Orb.
     0 | D:1      | Reached XP level 1. HP: 19/19 MP: 1/1
    86 | D:1      | Reached XP level 2. HP: 18/27 MP: 2/2
   373 | D:1      | Reached XP level 3. HP: 32/33 MP: 3/3
  1074 | D:2      | Reached XP level 4. HP: 34/40 MP: 4/4
  1839 | D:2      | Reached XP level 5. HP: 22/47 MP: 5/5
  2097 | D:3      | Found a burning altar of Makhleb.
  2097 | D:3      | Noticed a green death
  2171 | D:3      | Noticed a hellwing
  2171 | D:3      | Noticed a neqoxec
  2173 | D:3      | Became a worshipper of Makhleb the Destroyer
  2264 | D:3      | Noticed Sigmund
  2266 | D:3      | Reached XP level 6. HP: 39/55 MP: 6/6
  2282 | D:3      | HP: 2/55 [something/wand of flame (25) (11)]
  2283 | D:3      | Killed from afar by Sigmund

Skill      XL: |  1  2  3  4 |
---------------+-------------+-----
Axes           | 3 4 |  4.6
Fighting       | 4 |  4.9
Shields        | 4 |  4.6
Armour         | 4 |  4.5

Action                   |  1- 3 |  4- 6 || total
-------------------------+-------+-------++-------
Melee: War axe           |    88 |   182 ||   270
  Use: Potion            |       |     2 ||     2
  Eat: Chunk             |     1 |     4 ||     5
Armor: Scale mail        |    46 |   133 ||   179
Dodge: Dodged            |    24 |    83 ||   107
Block: Shield            |    47 |   118 ||   165
